 Dungeon Crawl Stone Soup version 0.27.1-34-g3ba077fa99 (webtiles) character file.

Game seed: 830643709582895551

8526 Sharkman1231 the Sneak (level 11, -8/81 HPs)
             Began as a Demonspawn Enchanter on Jan 19, 2022.
             Was a Believer of Makhleb.
             Succumbed to a death drake's foul vapour
             ... on level 10 of the Dungeon.
             The game lasted 00:16:14 (13927 turns).

Sharkman1231 the Sneak (Demonspawn Enchanter)      Turns: 13927, Time: 00:16:15

Health: -8/81      AC:  6    Str:  8    XL:     11   Next: 11%
Magic:  25/28      EV: 15    Int: 18    God:    Makhleb [**....]
Gold:   543        SH:  5    Dex: 16    Spells: 16/21 levels left

rFire    . . .     SeeInvis .   a - +4 dagger (venom)
rCold    . . .     Faith    .   w - +0 buckler
rNeg     . . .     Spirit   .   C - +0 steam dragon scales
rPois    +         Reflect  .   (no helmet)
rElec    .         Harm     .   n - +0 cloak
rCorr    .         Rampage  .   (no gloves)
Will     .....                  (boots unavailable)
Stlth    +++.......             (no amulet)
HPRegen  0.23/turn              f - ring of magical power
MPRegen  0.42/turn              A - ring of poison resistance

@: lethally poisoned (-8 -> -43), slowed, very slow
A: hooves 3, magic regeneration, demonic magic 3
a: Renounce Religion, Minor Destruction


You were on level 10 of the Dungeon.
You worshipped Makhleb.
Makhleb was pleased with you.
You visited 2 branches of the dungeon, and saw 11 of its levels.
You also visited: Sewer.

You collected 543 gold pieces.

Inventory:

Hand Weapons
 a - a +4 dagger of venom (weapon)
 b - a +0 scimitar of flaming
 e - a +1 dagger
 D - a +0 lajatang
Armour
 n - a +0 cloak (worn)
 w - a +0 buckler (worn)
 C - +0 steam dragon scales (worn)
Jewellery
 f - a ring of magical power (left hand)
 A - a ring of poison resistance (right hand)
Wands
 y - a wand of flame (23)
 B - a wand of polymorph (14)
 H - a wand of paralysis (6)
Scrolls
 h - 2 scrolls of magic mapping
 l - 5 scrolls of enchant weapon
 m - a scroll of fog {unknown}
 o - a scroll of fear {unknown}
 t - 3 scrolls of teleportation
 v - a scroll of blinking
 x - 3 scrolls of enchant armour
 z - 4 scrolls of amnesia {unknown}
 E - 3 scrolls of vulnerability {unknown}
 F - a scroll of acquirement {unknown}
 G - a scroll of immolation {unknown}
 I - a scroll of summoning {unknown}
Potions
 c - 3 potions of lignification
 d - 7 potions of curing
 g - 3 potions of attraction {unknown}
 i - 2 potions of brilliance {unknown}
 j - 2 potions of flight {unknown}
 k - a potion of might
 p - 3 potions of heal wounds
 q - 5 potions of haste
 r - a potion of invisibility {unknown}
 s - a potion of ambrosia {unknown}
 u - a potion of degeneration {unknown}


   Skills:
 + Level 5.8 Fighting
 + Level 5.4 Short Blades
 + Level 5.8 Dodging
 + Level 6.6 Stealth
 + Level 3.7 Shields
 + Level 5.7 Spellcasting
 + Level 6.6 Hexes
 + Level 3.5 Transmutations
 + Level 5.2 Ice Magic
 + Level 3.1 Evocations


You had 16 spell levels left.
You knew the following spells:

 Your Spells              Type           Power      Damage    Failure   Level
a - Ensorcelled Hibernat  Hex/Ice        52%        N/A       1%          2
b - Corona                Hex            32%        N/A       1%          1
c - Wereblood             Tmut           18%        N/A       4%          2

Your spell library contained the following spells:

 Spells                   Type           Power      Damage    Failure   Level
 Beastly Appendage        Tmut           36%        N/A       2%          1
 Confusing Touch          Hex            29%        N/A       2%          3
 Tukima's Dance           Hex            29%        N/A       2%          3
 Dazzling Flash           Conj/Hex       34%        N/A       10%         3
 Animate Skeleton         Necr           10%        N/A       12%         1
 Apportation              Tloc           10%        N/A       12%         1
 Summon Small Mammal      Summ           20%        N/A       12%         1
 Spider Form              Tmut/Pois      5%         N/A       19%         3
 Ignite Poison            Fire/Tmut/Pois 9%         N/A       22%         3
 Conjure Flame            Conj/Fire      5%         6-21      36%         3
 Summon Ice Beast         Ice/Summ       14%        N/A       38%         4
 Summon Mana Viper        Hex/Summ       17%        N/A       65%         5
 Sticky Flame             Conj/Fire      5%         2d3       77%         4
 Monstrous Menagerie      Summ           2%         N/A       100%        7


Dungeon Overview and Level Annotations

Branches:
Dungeon (10/15)            Temple (1/1) D:7            Lair (0/6) D:10
  Sewer (visited)
    Orc: D:9-12

Altars:
Ashenzari
Cheibriados
Dithmenos
Elyvilon
Fedhas
Gozag
Hepliaklqana
Kikubaaqudgha
Makhleb
Nemelex Xobeh
Okawaru
Qazlal
Ru
Sif Muna
Trog
Uskayaw
Vehumet
Wu Jian
Xom
Yredelemnul
Zin
The Shining One


Innate Abilities, Weirdness & Mutations

You have hooves in place of feet.
You regenerate magic rapidly.
Spells you cast and wands you use may paralyse nearby enemies.


Message History

The fungus begins to die.
Unknown command.
You are engulfed in dark miasma.
You feel yourself slow down.
You feel very sick.
The fungus is engulfed in dark miasma.
The fungus is poisoned.
The fungus is engulfed in dark miasma. x3
You feel better.
A nearby fungus withers and dies. x4
The death drake bites you.
Casting: Corona (safe; 1% risk of failure)
Confirm with . or Enter, or press ? or * to list all spells.
Aiming: Ensorcelled Hibernation (safe; 1% risk of failure)
Press: ? - help, Shift-Dir - straight line, f/p - death drake
Aim: a death drake (chance to affect: 37%)
The death drake easily resists.
Malevolent energies surge around you.
A nearby fungus withers and dies.
The death drake breathes miasma at you. The foul vapour engulfs you!
You are poisoned.
You feel as though you will be slow longer.
The death drake misses you.
Unknown command.
Casting: Ensorcelled Hibernation (safe; 1% risk of failure)
Confirm with . or Enter, or press ? or * to list all spells.
Aiming: Ensorcelled Hibernation (safe; 1% risk of failure)
Press: ? - help, Shift-Dir - straight line, f/p - death drake
Aim: a death drake (foul pestilence, chance to affect: 37%)
The death drake easily resists.
Malevolent energies surge around you.
You are engulfed in dark miasma.
You feel as though you will be slow longer.
* * * LOW HITPOINT WARNING * * *
You feel extremely sick. The death drake breathes miasma at you.
The foul vapour engulfs you!!
You are lethally poisoned!
* * * LOW HITPOINT WARNING * * *
The death drake bites you but does no damage.
Blink to where?
Press: ? - help, Dir - move target, p - death drake
As you read the scroll of blinking, it crumbles to dust.
You die...

#.........P.............≈≈§≈
###......PP..P..k...#....≈≈§≈≈
###...#...PP..P..○.#####...≈§≈≈≈
#........P...PP.....###.<..§§§≈≈
##....P....####..P...#.....§≈≈≈≈
##....P...#>.#...P........≈≈≈§≈
######...P..#.)'...P..#......≈≈≈≈
..#####.P.P.####...P..##.....≈≈≈≈
.....#...P......@..P..#........≈§
.#.#......P....................≈§
.....#.)...P...PP................
....####.........P...............
..#.###..##..P..................§
....#.......##...................
.....##..#######.................
.#.#.......# #..................
...........######################


You could see a death drake.

Vanquished Creatures
  Erica (D:8)
  Maggie (D:8)
  2 unseen horrors (D:10)
  3 trolls
  A hornet (D:8)
  A shadow (D:10)
  2 wyverns (D:10)
  A steam dragon (D:6)
  8 yaks
  Edmund (D:3)
  A water moccasin (D:5)
  7 orc warriors
  A hornet zombie (D:6)
  2 sky beasts
  2 black bears (D:10)
  2 necrophages
  4 centaurs
  3 kobold brigands
  Blork the orc (D:4)
  3 bullfrogs
  A wyvern zombie (D:6)
  4 water moccasin zombies (D:6)
  4 scorpions
  A water moccasin skeleton (D:7)
  2 killer bees (D:10)
  A wight (D:10)
  3 bullfrog zombies (D:6)
  5 howler monkeys
  2 centaur zombies
  A centaur skeleton (D:6)
  3 hounds
  Crazy Yiuf (D:3)
  3 orc priests
  4 jellies
  2 bullfrog skeletons
  9 iguanas
  6 orc wizards
  A killer bee zombie (D:6)
  2 howler monkey zombies (D:6)
  A howler monkey skeleton (D:7)
  10 adders
  2 river rats (Sewer)
  2 shadow imps
  2 white imps
  An ufetubus (D:6)
  9 worms
  A dart slug (D:3)
  30 orcs
  4 bats
  10 endoplasms
  A giant cockroach (D:1)
  6 goblins
  4 hobgoblins
  6 quokkas
  12 ball pythons
  2 frilled lizards
  21 kobolds
  12 rats
238 creatures vanquished.

Vanquished Creatures (others)
  A howler monkey zombie (D:6)
  11 fungi
  11 plants
  7 withered plants (D:6)
30 creatures vanquished.

Grand Total: 268 creatures vanquished

Notes
Turn   | Place    | Note
-------+----------+-------------------------------------------
     0 | D:1      | Sharkman1231 the Demonspawn Enchanter began the quest for
                  | the Orb.
     0 | D:1      | Reached XP level 1. HP: 13/13 MP: 3/3
    70 | D:1      | Reached skill level 1 in Short Blades
   353 | D:1      | Found a faded altar of an unknown god.
   353 | D:1      | Noticed an iron imp
   710 | D:1      | Gained mutation: Spells you cast may paralyse adjacent
                  | enemies. [demonic ancestry]
   710 | D:1      | Reached XP level 2. HP: 10/20 MP: 3/5
   730 | D:1      | Learned a level 2 spell: Ensorcelled Hibernation
  1812 | D:2      | Reached XP level 3. HP: 25/25 MP: 3/6
  2288 | D:2      | Reached skill level 1 in Fighting
  2512 | D:2      | Gained mutation: You have large cloven feet. [demonic
                  | ancestry]
  2512 | D:2      | Reached XP level 4. HP: 28/32 MP: 7/7
  2897 | D:2      | Found a sacrificial altar of Ru.
  3109 | D:3      | Found a glowing drain.
  3141 | Sewer    | Entered a sewer
  3215 | Sewer    | Reached skill level 1 in Ice Magic
  3873 | Sewer    | Noticed a kobold brigand
  4046 | Sewer    | Gained mutation: Spells you cast may paralyse nearby
                  | enemies. [demonic ancestry]
  4046 | Sewer    | Reached XP level 5. HP: 21/37 MP: 8/8
  4908 | D:3      | Found a shadowy altar of Dithmenos.
  5274 | D:3      | Found a runed translucent door.
  5275 | D:3      | Noticed Crazy Yiuf
  5601 | D:3      | Killed Crazy Yiuf
  5602 | D:3      | Reached XP level 6. HP: 44/44 MP: 10/10
  5675 | D:4      | Learned a level 2 spell: Wereblood
  5872 | D:4      | Noticed Blork the orc
  5882 | D:4      | Killed Blork the orc
  6267 | D:4      | Found a broken altar of Ashenzari.
  6529 | D:5      | Entered Level 5 of the Dungeon
  6533 | D:5      | Noticed a water moccasin
  6542 | D:5      | Killed a water moccasin
  6543 | D:5      | Gained mutation: Spells you cast and wands you use may
                  | paralyse nearby enemies. [demonic ancestry]
  6543 | D:5      | Reached XP level 7. HP: 40/51 MP: 11/11
  6697 | D:5      | Noticed Edmund
  6828 | D:3      | Killed Edmund
  7531 | D:5      | Found a snail-covered altar of Cheibriados.
  7797 | D:6      | Reached XP level 8. HP: 57/58 MP: 13/13
  8337 | D:6      | Reached skill level 5 in Hexes
  8415 | D:6      | Reached skill level 5 in Stealth
  8550 | D:6      | Reached skill level 1 in Shields
  8550 | D:6      | Gained mutation: You have hoof-like feet. [demonic
                  | ancestry]
  8550 | D:6      | Reached XP level 9. HP: 47/65 MP: 15/15
  8996 | D:6      | Reached skill level 1 in Transmutations
  9329 | D:7      | Found a staircase to the Ecumenical Temple.
  9342 | Temple   | Entered the Ecumenical Temple
  9530 | Temple   | Became a worshipper of Makhleb the Destroyer
 10284 | D:8      | Found an ancient bone altar of Kikubaaqudgha.
 10761 | D:8      | Reached skill level 5 in Dodging
 10959 | D:8      | Found a bloodstained altar of Trog.
 10975 | D:8      | Reached * piety under Makhleb
 11048 | D:8      | Noticed Maggie
 11055 | D:8      | Killed Maggie
 11056 | D:8      | Reached skill level 5 in Spellcasting
 11056 | D:8      | Reached skill level 1 in Evocations
 11056 | D:8      | Gained mutation: You have hooves in place of feet. [demonic
                  | ancestry]
 11056 | D:8      | Reached XP level 10. HP: 73/73 MP: 17/17
 11124 | D:8      | Noticed Erica
 11134 | D:8      | Killed Erica
 11135 | D:8      | Reached skill level 5 in Fighting
 11735 | D:9      | Reached skill level 5 in Short Blades
 12433 | D:10     | Entered Level 10 of the Dungeon
 12580 | D:10     | Reached skill level 5 in Ice Magic
 12664 | D:10     | Noticed a lindwurm
 12681 | D:10     | Noticed a lindwurm
 12736 | D:10     | Reached ** piety under Makhleb
 12741 | D:10     | Found a staircase to the Lair.
 13148 | D:10     | Gained mutation: You regenerate magic rapidly. [demonic
                  | ancestry]
 13148 | D:10     | Reached XP level 11. HP: 19/81 MP: 19/19
 13910 | D:10     | Noticed a lindwurm
 13912 | D:10     | Noticed a death drake
 13912 | D:10     | a lindwurm changed into a death drake
 13926 | D:10     | HP: 2/81 [death drake/foul vapour (21)]
 13927 | D:10     | Succumbed to a death drake's foul vapour

Illustrated notes

Levels and vault maps discovered:
D:1:      eino_arrival_water_cross, layout_basic,
          dreamdust_ecumenical_altar_sealed_demon
D:2:      layout_basic, basic_altar
D:3:      layout_basic, mainiacjoe_overflow_cross_hatched,
          cheibrodos_sewer_entry_drain, uniq_crazy_yiuf_cottage
D:4:      layout_gridville, kennysheep_mini, serial_glass, glass_columns_b,
          glass_columns_a, uniq_blork_the_orc
D:5:      layout_loops_ring, slow_altar_1, uniq_edmund
D:6:      minmay_bubble_buster, layout_basic, serial_undead, serial_undead_d,
          serial_undead_a, serial_undead_a, serial_undead_f, serial_undead_b,
          serial_undead_f
D:7:      layout_basic, minmay_temple_entry_large_hall
D:8:      layout_gridville, trog_butcher_becter, kennysheep_little_box,
          uniq_erica, uniq_maggie
D:9:      layout_irregular_city
D:10:     minmay_recursive_quarters, layout_cave_pools,
          grunt_lair_entry_orc_guard_hut, minmay_misc_feat_five,
          hangedman_glass_teeth, minmay_misc_feat_square, minmay_lindwurm_lava
Temple:   minmay_crystal_spiral_temple

Skill      XL: |  1  2  3  4  5  6  7  8  9 10 11 |
---------------+----------------------------------+-----
Short Blades   | 1 2 3 4 5 |  5.4
Dodging        | 2 3 4 5 |  5.8
Stealth        | 3 4 5 6 |  6.6
Fighting       | 1 2 3 4 5 |  5.8
Ice Magic      | 1 2 3 4 5 |  5.2
Hexes          | 4 5 6 |  6.6
Spellcasting   | 3 4 5 |  5.7
Shields        | 1 2 3 |  3.7
Transmutations | 2 3 |  3.5
Evocations     | 1 2 3 |  3.1

Action                   |  1- 3 |  4- 6 |  7- 9 | 10-12 || total
-------------------------+-------+-------+-------+-------++-------
Melee: Dagger            |    88 |   162 |   225 |   103 ||   578
       Kick              |       |    22 |    47 |    24 ||    93
 Cast: Corona            |     1 |     9 |    13 |    15 ||    38
       Ensorcelled Hiber |     9 |    19 |    29 |    31 ||    88
       Wereblood         |       |       |    10 |     2 ||    12
Evoke: Wand              |       |       |       |     2 ||     2
  Use: Scroll            |     2 |     1 |     3 |     5 ||    11
       Potion            |       |       |       |     1 ||     1
 Stab: Sleeping          |     8 |    17 |    26 |    22 ||    73
       Paralysed         |     3 |     8 |    40 |    15 ||    66
       Distracted        |       |       |     2 |       ||     2
Armor: Robe              |    13 |    17 |    28 |       ||    58
       Steam dragon scal |       |       |       |    26 ||    26
Dodge: Dodged            |    54 |    62 |   132 |    57 ||   305
Block: Buckler           |       |       |       |    12 ||    12
